 Dungeon Crawl Stone Soup version 0.24.1-8-ga250c9d538 (webtiles) character file.

Game seed: 4232476788117454883, levelgen mode: deterministic

80 Peloso the Skirmisher (level 4, -1/40 HPs)
             Began as a Draconian Fighter on May 3, 2020.
             Killed by nerve-wracking pain
             ... invoked by a shadow imp
             ... summoned by Natasha
              (13 damage)
             ... on level 2 of the Dungeon.
             The game lasted 00:02:26 (1346 turns).

Peloso the Skirmisher (Draconian Fighter)           Turns: 1346, Time: 00:02:27

Health: -1/40      AC:  5    Str: 20    XL:     4   Next: 18%
Magic:  4/4        EV: 10    Int:  8    God:
Gold:   69         SH:  9    Dex: 10    Spells: 3/3 levels left

rFire    x . .     SeeInvis .   a - +0 long sword
rCold    + . .     Gourm    .   b - +0 shield
rNeg     . . .     Faith    .   (armour unavailable)
rPois    .         Spirit   .   (helmet restricted)
rElec    .         Reflect  .   (no cloak)
rCorr    .         Harm     .   (no gloves)
MR       .....                  (no boots)
Stlth    +.........             (no amulet)
HPRegen  0.13/turn              g - ring of ice
MPRegen  0.09/turn              (no ring)

@: slowed, very slow
A: unfitting armour, cold-blooded, AC +5
a: no special abilities


You were on level 2 of the Dungeon.
You were hungry.

You visited 1 branch of the dungeon, and saw 2 of its levels.

You collected 69 gold pieces.

Inventory:

Hand Weapons
 a - a +0 long sword (weapon)
Armour
 b - a +0 shield (worn)
Jewellery
 f - an uncursed amulet of harm {unknown}
 g - a ring of ice (left hand)
 j - an uncursed ring of flight {unknown}
Scrolls
 e - a scroll of fog {unknown}
 h - 2 scrolls of identify {unknown}
 i - a scroll of magic mapping {unknown}
Potions
 c - 2 potions of might
Comestibles
 d - 2 rations


   Skills:
 + Level 3.8 Fighting
 + Level 2.7 Long Blades
 + Level 3.4 Dodging
 + Level 0.2 Stealth
 + Level 3.5 Shields


You had 3 spell levels left.
You didn't know any spells.
Your spell library was empty.

Dungeon Overview and Level Annotations

Branches:
Dungeon (2/15)

Altars:

Annotations:
D:2 Natasha


Innate Abilities, Weirdness & Mutations

Your plain brown scales are hard. (AC +5)
You cannot fit into any form of body armour.
You are cold-blooded and may be slowed by cold attacks.


Message History

You hit Natasha but do no damage. The shadow imp closely misses you.
Natasha claws you. The shadow imp hits you.
Natasha stares at you and mumbles some strange words.
You feel as though you will be slow longer.
Unknown command.
You hit Natasha.
Natasha is lightly wounded.
The shadow imp hits you but does no damage.
Natasha closely misses you.
You riposte.
You hit Natasha but do no damage.
Natasha is lightly wounded.
The shadow imp hits you but does no damage.
Natasha closely misses you. The shadow imp hits you.
You hit Natasha. You tail-slap Natasha.
Natasha is almost dead.
Natasha stares at you and mumbles some strange words.
The magic dart hits you!
* * * LOW HITPOINT WARNING * * *
The shadow imp gestures at you. Pain shoots through your body!
You die...

##..(....#............
#...(...............#.
....#...#...>#...######
###.##.(.........# ###
##........).## . #.
#............### #..
#.###..............#...#
.................#...#
#..#............@...##
........(.##..$#5h......
....###.#########...###.
#...###.# .#.#
......#.### .#...
.##.#....... .# #..
...<..#.#### .. ...
........# .. #.
######..#


You could see Natasha and a shadow imp.

Vanquished Creatures
  A gnoll (D:1)
  3 adders (D:2)
  A worm (D:2)
  A dart slug (D:1)
  A ball python (D:2)
  5 bats
  2 giant cockroaches (D:1)
  4 goblins (D:1)
  4 hobgoblins (D:1)
  4 jackals (D:1)
  5 kobolds
  2 frilled lizards (D:1)
  8 rats (D:1)
41 creatures vanquished.

Notes
Turn   | Place    | Note
-------+----------+-------------------------------------------
     0 | D:1      | Peloso the Draconian Fighter began the quest for the Orb.
     0 | D:1      | Reached XP level 1. HP: 19/19 MP: 1/1
   131 | D:1      | Reached XP level 2. HP: 12/26 MP: 2/2
   363 | D:1      | Reached XP level 3. HP: 17/31 MP: 3/3
   381 | D:1      | HP: 1/31 [jackal (2)]
  1053 | D:2      | HP: 1/33 [poisoned by an adder]
  1326 | D:2      | Reached XP level 4. HP: 38/40 MP: 4/4
  1335 | D:2      | Noticed Natasha
  1346 | D:2      | Killed from afar by a shadow imp

Levels and vault maps discovered:
D:1:      dpeg_arrival_ratfight, layout_basic, minmay_tiny_reverse_x
D:2:      layout_rooms, grunt_ministairs_8, grunt_gozag_statues, uniq_natasha

Skill      XL: |  1  2 |
---------------+-------+-----
Dodging        | 3 |  3.4
Fighting       | |  3.8
Long Blades    | |  2.7
Stealth        | |  0.2
Shields        | |  3.5

Action                   |  1- 3 |  4- 6 || total
-------------------------+-------+-------++-------
Melee: Long sword        |   116 |    12 ||   128
       Tailslap          |     9 |     3 ||    12
  Use: Potion            |     1 |       ||     1
  Eat: Chunk             |     1 |       ||     1
Armor: Skin              |    68 |     4 ||    72
Dodge: Dodged            |    84 |    11 ||    95
Block: Shield            |    99 |     4 ||   103
       Rpst.: Long sword |    27 |     3 ||    30
